 Dungeon Crawl Stone Soup version 0.22-a0-467-g5c5de1cb09 (webtiles) character file.

156 Foic the Sneak (level 5, 0/39 HPs)
             Began as a Vampire Assassin on June 10, 2018.
             Slain by an orc
             ... wielding a +0 falchion
              (5 damage)
             ... on level 3 of the Dungeon.
             The game lasted 00:15:18 (2186 turns).

Foic the Sneak (Vampire Assassin)                   Turns: 2186, Time: 00:15:18

Health: 0/39       AC:  5    Str: 10    XL:     5   Next: 15%
Magic:  5/5        EV: 12    Int: 16    God:
Gold:   119        SH:  0    Dex: 16    Spells: 4/4 levels left

rFire    . . .     SeeInvis +   a - +2 dagger
rCold    + . .     Gourm    .   (no shield)
rNeg     + + +     Faith    .   k - +1 leather armour {MR+}
rPois    +         Spirit   .   (no helmet)
rElec    .         Reflect  .   d - +0 cloak
rCorr    .         Harm     .   (no gloves)
MR       +....                  (no boots)
Stlth    +++++.....             (no amulet)
HPRegen  0.06/turn              s - ring of positive energy
MPRegen  0.09/turn              t - +2 ring of intelligence

@: regenerating slowly
A: fangs 3, see invisible, unbreathing
a: Bat Form


You were on level 3 of the Dungeon.
You were very thirsty.

You visited 1 branch of the dungeon, and saw 3 of its levels.

You collected 119 gold pieces.

Inventory:

Hand Weapons
 a - a +2 dagger (weapon)
 b - a +0 blowgun
Missiles
 e - 8 poisoned needles
 f - 2 curare-tipped needles
 h - 62 stones (quivered)
Armour
 d - a +0 cloak (worn)
 k - a +1 leather armour of magic resistance (worn)
Jewellery
 s - a ring of positive energy (left hand)
 t - a +2 ring of intelligence (right hand)
Wands
 n - a wand of iceblast (11)
Scrolls
 c - a scroll of noise {unknown}
 i - a scroll of identify
 o - 2 scrolls of remove curse
 r - a scroll of teleportation {unknown}
Potions
 g - 25 potions of blood
 j - a potion of mutation {unknown}
 l - 2 potions of curing {unknown}
 m - a potion of haste {unknown}
 p - a potion of agility {unknown}
 q - 3 potions of degeneration {unknown}


   Skills:
 + Level 2.7 Fighting
 + Level 3.0 Short Blades
 + Level 1.7 Throwing
 + Level 1.1 Armour
 + Level 1.5 Dodging
 + Level 7.7 Stealth


You had 4 spell levels left.
You didn't know any spells.
Your spell library was empty.

Dungeon Overview and Level Annotations

Branches:
Dungeon (3/15)

Altars:
Xom


Innate Abilities, Weirdness & Mutations

You heal slowly.
You have razor-sharp teeth.
You have supernaturally acute eyesight. (SInv)
You can survive without breathing.


Message History

You have reached level 5!
You feel clever.
You hit the rat.
You kill the rat!
You hit the orc.
You kill the orc!
Throwing (i - inventory)
h - 63 stones (quivered)
Press: ? - help, Shift-Dir - straight line, f - orc
Aim: an orc, wielding a falchion You throw a stone.
The stone hits the orc.
The orc is lightly wounded.
You barely miss the orc.
The orc is lightly wounded.
The orc hits you with a falchion.
* * * LOW HITPOINT WARNING * * *
You see here a dagger.
The orc hits you but does no damage.
There is a stone staircase leading up here.
The orc hits you with a falchion.
You die...

..# ## .## ..##.. ..##
#. ....... ##......
.^..#.. #...#.# ..#[..#
#.#...###..#.#..
#.#.###......... #
##......).....#
#.####...#..[@)...## #
#........)..##o..#....
..#.##....###........###
...##.#.####.......##
#.#....#.)...#.#.##
#........##..#.#.#
##..#...######..#..
#...#..## .###..
#..#...# ## ##.


You could see an orc.

Vanquished Creatures
  Jessica (D:3)
  2 orc wizards (D:3)
  Robin (D:2)
  An adder (D:2)
  A worm (D:2)
  A dart slug (D:1)
  3 leopard geckos
  An orc (D:3)
  5 bats
  4 giant cockroaches
  9 hobgoblins
  3 jackals (D:2)
  5 kobolds
  6 frilled lizards
  13 goblins
  4 rats
60 creatures vanquished.

Notes
Turn   | Place    | Note
-------+----------+-------------------------------------------
     0 | D:1      | Foic the Vampire Assassin began the quest for the Orb.
     0 | D:1      | Reached XP level 1. HP: 16/16 MP: 1/1
    63 | D:1      | Reached skill level 6 in Stealth
   234 | D:1      | Reached XP level 2. HP: 22/22 MP: 2/2
   846 | D:2      | Found a shimmering altar of Xom.
   851 | D:2      | Reached XP level 3. HP: 27/27 MP: 3/3
   950 | D:2      | Reached skill level 7 in Stealth
  1050 | D:2      | Noticed Robin
  1089 | D:2      | Killed Robin
  1102 | D:3      | Noticed Jessica
  1103 | D:3      | Killed Jessica
  1103 | D:3      | Reached XP level 4. HP: 20/34 MP: 4/4
  2175 | D:3      | Reached skill level 1 in Armour
  2175 | D:3      | Reached XP level 5. HP: 10/39 MP: 5/5
  2186 | D:3      | Slain by an orc

Vault maps used:
D:1:      minmay_arrival_nine_rooms
D:2:      xom_butterflies, uniq_robin
D:3:      lemuel_doored_altar, first_ration, uniq_jessica

Skill      XL: |  1  2  3  4 |
---------------+-------------+-----
Stealth        | 6 7 |  7.7
Fighting       | 2 |  2.7
Short Blades   | 3 |  3.0
Armour         | 1 |  1.1
Throwing       | |  1.7
Dodging        | |  1.5

Action                   |  1- 3 |  4- 6 || total
-------------------------+-------+-------++-------
Melee: Dagger            |    97 |    77 ||   174
       Bite              |     8 |    10 ||    18
Throw: Stone             |       |     1 ||     1
  Use: Scroll            |     1 |     6 ||     7
       Potion            |       |     1 ||     1
 Stab: Sleeping          |    11 |     5 ||    16
       Distracted        |     1 |       ||     1
Armor: Robe              |     5 |       ||     5
       Leather armour    |    15 |    21 ||    36
Dodge: Dodged            |    28 |    35 ||    63

Table legend:
 A = Spawn XP
 B = Non-spawn XP
 C = Spawn XP percentage of total XP
 D = Spawn monster count
 E = Non-spawn monster count
 F = Spawn count percentage of total count
 G = Total turns spent on level
                    A         B        C        D         E        F      G
               +---------+---------+-------+---------+---------+-------+---------
         Total |       0 |     224 |   0.0 |       0 |      60 |   0.0 |  2186
               +---------+---------+-------+---------+---------+-------+---------
           D:1 |       0 |      35 |   0.0 |       0 |      19 |   0.0 |   816
           D:2 |       0 |      76 |   0.0 |       0 |      28 |   0.0 |   864
           D:3 |       0 |     113 |   0.0 |       0 |      13 |   0.0 |   506
               +---------+---------+-------+---------+---------+-------+---------
